 Dungeon Crawl Stone Soup version 0.28-a0-834-g1a73be5ee4 (webtiles) character file.

Game seed: 2376193182099900153

141 Gargoyl the Skirmisher (level 5, -7/47 HPs)
             Began as a Gnoll Abyssal Knight on Nov 11, 2021.
             Was a Follower of Lugonu.
             Mangled by an iguana (9 damage)
             ... on level 4 of the Dungeon.
             The game lasted 00:02:51 (2626 turns).

Gargoyl the Skirmisher (Gnoll Abyssal Knight)       Turns: 2626, Time: 00:02:52

Health: -7/47      AC:  6    Str: 14    XL:     5   Next: 24%
Magic:  8/8        EV: 11    Int:  9    God:    Lugonu [*.....]
Gold:   141        SH:  0    Dex: 12    Spells: 6/6 levels left

rFire   . . .      SeeInvis .   a - +1 hand axe
rCold   . . .      Faith    .   (no shield)
rNeg    . . .      Spirit   .   i - +0 ring mail
rPois   .          Reflect  .   (no helmet)
rElec   .          Harm     .   (no cloak)
rCorr   .          Rampage  .   (no gloves)
Will    .....                   (no boots)
Stlth   +.........              (no amulet)
HPRegen 0.15/turn               (no ring)
MPRegen 0.11/turn               (no ring)

@: no status effects
A: fangs 1, strong nose, distributed training
a: Renounce Religion, Depart the Abyss


You were on level 4 of the Dungeon.
You worshipped Lugonu.
Lugonu was aware of your devotion.
You visited 1 branch of the dungeon, and saw 4 of its levels.
You visited the Abyss 1 time.

You collected 141 gold pieces.

Inventory:

Hand Weapons
 a - a +1 hand axe (weapon)
Missiles
 c - 8 poisoned darts (quivered)
Armour
 i - a +0 ring mail (worn)
Jewellery
 b - a ring of protection from fire
Scrolls
 g - a scroll of teleportation
Potions
 e - 3 potions of haste


   Skills:
 + Level 6.7 Fighting
 + Level 1.4 Short Blades
 + Level 1.4 Long Blades
 + Level 4.7 Axes
 + Level 1.4 Maces & Flails
 + Level 1.4 Polearms
 + Level 1.4 Staves
 + Level 1.4 Slings
 + Level 1.4 Bows
 + Level 1.4 Crossbows
 + Level 1.4 Throwing
 + Level 4.7 Armour
 + Level 2.9 Dodging
 + Level 1.4 Stealth
 + Level 1.4 Shields
 + Level 1.4 Unarmed Combat
 + Level 1.4 Spellcasting
 + Level 1.1 Conjurations
 + Level 1.1 Hexes
 + Level 1.1 Summonings
 + Level 1.1 Necromancy
 + Level 1.1 Translocations
 + Level 1.1 Transmutations
 + Level 1.1 Fire Magic
 + Level 1.1 Ice Magic
 + Level 1.1 Air Magic
 + Level 1.1 Earth Magic
 + Level 1.1 Poison Magic
 + Level 4.8 Invocations
 + Level 1.4 Evocations


You had 6 spell levels left.
You didn't know any spells.
Your spell library contained the following spells:

 Spells                   Type           Power      Damage    Failure   Level
 Corpse Rot               Necr/Air       4%         N/A       54%         2
 Poisonous Vapours        Pois/Air       4%         N/A       54%         2


Dungeon Overview and Level Annotations

Branches:
Dungeon (4/15)
 Temple: D:4-7

Altars:
Okawaru
Vehumet

Shops:
D:2 (


Innate Abilities, Weirdness & Mutations

You have very sharp teeth.
Your uncanny sense of smell can sniff out nearby items.
Your experience applies equally to all skills.


Message History

* * * LOW HITPOINT WARNING * * *
The iguana barely misses you.
Unknown command.
The adder closely misses you. The adder bites you but does no damage.
The adder barely misses you.
Throw: 9 darts (poison)
Press: ? - help, Q - select action, (/) - cycle Shift-Dir - straight line, f/p - iguana
Aim: an iguana (almost dead, 64% to hit)
You throw a poisoned dart. The poisoned dart hits the adder.
The adder is poisoned.
The adder is severely wounded.
The adder bites you but does no damage.
You hit the adder.
You kill the adder!
Lugonu accepts your kill.
You closely miss the iguana. Your bite misses the iguana.
The iguana is almost dead.
The iguana bites you but does no damage.
You closely miss the iguana.
The iguana is almost dead.
The iguana barely misses you.
You hit the iguana but do no damage.
The iguana is almost dead.
The iguana barely misses you.
You barely miss the iguana.
The iguana is almost dead.
The iguana bites you.
* * * LOW HITPOINT WARNING * * *
You hit the iguana.
The iguana is almost dead.
The iguana bites you!
* * * LOW HITPOINT WARNING * * *
You hit the iguana but do no damage.
The iguana is almost dead.
The iguana barely misses you.
You hit the iguana but do no damage.
The iguana is almost dead.
The iguana bites you!
You die...

.. ## ∆ #. . #.##.
..^. #..# .. #..#
##..##..# ## .......@#
##... ....###l###...#
.#..###.....#
......[...###
......§§..###
≈≈≈≈≈§§§≈...####
≈.....§§..#....#######
≈.≈.≈§§§≈.####.(.....(
≈.≈...≈.≈.. #<.......


You could see an iguana.

Vanquished Creatures
  A scorpion (D:3)
  An orc wizard (D:2)
  An adder (D:4)
  A worm (D:2)
  4 orcs
  3 endoplasms
  4 giant cockroaches
  5 goblins
  3 hobgoblins
  3 quokkas
  6 ball pythons
  4 bats
  2 frilled lizards (D:1)
  A kobold (D:1)
  3 rats
42 creatures vanquished.

Notes
Turn   | Place    | Note
-------+----------+-------------------------------------------
     0 | Abyss:1  | Gargoyl the Gnoll Abyssal Knight began the quest for the
                  | Orb.
     0 | Abyss:1  | Reached XP level 1. HP: 23/23 MP: 3/3
    32 | Abyss:1  | Found a corrupted altar of Lugonu.
   108 | Abyss:1  | Noticed a small abomination
   111 | Abyss:1  | Noticed a worldbinder
   112 | D:1      | Escaped the Abyss
   342 | D:1      | Reached XP level 2. HP: 29/29 MP: 5/5
   344 | D:1      | Reached * piety under Lugonu
   502 | D:1      | Found a faded altar of an unknown god.
  1106 | D:2      | Found Icoipnup's Antique Weapon Boutique.
  1177 | D:2      | Reached XP level 3. HP: 35/35 MP: 6/6
  1298 | D:2      | Found an iron altar of Okawaru.
  1885 | D:3      | Noticed a scorpion
  1890 | D:3      | Killed a scorpion
  1891 | D:3      | Reached skill level 1 in Short Blades
  1891 | D:3      | Reached skill level 1 in Long Blades
  1891 | D:3      | Reached skill level 1 in Maces & Flails
  1891 | D:3      | Reached skill level 1 in Polearms
  1891 | D:3      | Reached skill level 1 in Staves
  1891 | D:3      | Reached skill level 1 in Slings
  1891 | D:3      | Reached skill level 1 in Bows
  1891 | D:3      | Reached skill level 1 in Crossbows
  1891 | D:3      | Reached skill level 1 in Throwing
  1891 | D:3      | Reached skill level 1 in Stealth
  1891 | D:3      | Reached skill level 1 in Shields
  1891 | D:3      | Reached skill level 1 in Unarmed Combat
  1891 | D:3      | Reached skill level 1 in Spellcasting
  1891 | D:3      | Reached skill level 1 in Conjurations
  1891 | D:3      | Reached skill level 1 in Hexes
  1891 | D:3      | Reached skill level 1 in Summonings
  1891 | D:3      | Reached skill level 1 in Necromancy
  1891 | D:3      | Reached skill level 1 in Translocations
  1891 | D:3      | Reached skill level 1 in Transmutations
  1891 | D:3      | Reached skill level 1 in Fire Magic
  1891 | D:3      | Reached skill level 1 in Ice Magic
  1891 | D:3      | Reached skill level 1 in Air Magic
  1891 | D:3      | Reached skill level 1 in Earth Magic
  1891 | D:3      | Reached skill level 1 in Poison Magic
  1891 | D:3      | Reached skill level 1 in Evocations
  1891 | D:3      | Reached XP level 4. HP: 41/41 MP: 7/7
  1994 | D:3      | Found a radiant altar of Vehumet.
  2311 | D:2      | Reached XP level 5. HP: 41/47 MP: 8/8
  2609 | D:4      | Found an iron altar of Okawaru.
  2624 | D:4      | HP: 2/47 [iguana (11)]
  2626 | D:4      | Mangled by an iguana

Illustrated notes

Levels and vault maps discovered:
D:1:      lightli_molten_gateway, layout_loops_cross,
          chequers_ecumenical_altar_simple, minivault_19
D:2:      layout_basic, basic_altar, serial_shops, nicolae_shop_crystal,
          lemuel_flame_loot_1
D:3:      layout_rooms, mainiacjoe_overflow_small_starburst
D:4:      layout_rooms, tgw_fedhas, mainiacjoe_overflow_concentric_impassable,
          uniq_ijyb

Skill      XL: |  1  2  3 |
---------------+----------+-----
Short Blades   | 1 |  1.4
Long Blades    | 1 |  1.4
Maces & Flails | 1 |  1.4
Polearms       | 1 |  1.4
Staves         | 1 |  1.4
Slings         | 1 |  1.4
Bows           | 1 |  1.4
Crossbows      | 1 |  1.4
Throwing       | 1 |  1.4
Stealth        | 1 |  1.4
Shields        | 1 |  1.4
Unarmed Combat | 1 |  1.4
Spellcasting   | 1 |  1.4
Conjurations   | 1 |  1.1
Hexes          | 1 |  1.1
Summonings     | 1 |  1.1
Necromancy     | 1 |  1.1
Translocations | 1 |  1.1
Transmutations | 1 |  1.1
Fire Magic     | 1 |  1.1
Ice Magic      | 1 |  1.1
Air Magic      | 1 |  1.1
Earth Magic    | 1 |  1.1
Poison Magic   | 1 |  1.1
Evocations     | 1 |  1.4
Fighting       | |  6.7
Axes           | |  4.7
Armour         | |  4.7
Dodging        | |  2.9
Invocations    | |  4.8

Action                   |  1- 3 |  4- 6 || total
-------------------------+-------+-------++-------
Melee: Hand axe          |    75 |    58 ||   133
       Bite              |     2 |     5 ||     7
       Punch             |       |     1 ||     1
Throw: Dart              |     8 |     3 ||    11
Invok: Depart the Abyss  |     1 |       ||     1
  Use: Scroll            |     5 |       ||     5
       Potion            |       |     2 ||     2
Armor: Leather armour    |     8 |       ||     8
       Ring mail         |    27 |    26 ||    53
Dodge: Dodged            |    69 |    34 ||   103

Table legend: (Time is in decaauts)
 A = Elapsed time spent in this place.
 B = Non-inter-level travel time spent in this place.
 C = Inter-level travel time spent in this place.
 D = Time resting spent in this place.
 E = Time spent auto-exploring this place.
 F = Levels seen in this place.
 G = Mean time per level.
                   A        B        C        D        E       F      G
               +--------+--------+--------+--------+--------+-----+--------+
         Total |   2638 |   2590 |     48 |    258 |   1821 |   5 |  527.6 |
       Dungeon |   2526 |   2478 |     48 |    258 |   1719 |   4 |  631.5 |
         Abyss |    112 |    112 |      0 |      0 |    102 |   1 |  112.0 |
               +--------+--------+--------+--------+--------+-----+--------+

Top non-repeatable levels by time:
     D:2: 1099 daAuts
     D:1: 907 daAuts
     D:3: 486 daAuts
 Abyss:1: 112 daAuts
     D:4: 32 daAuts
